 Dungeon Crawl Stone Soup version 0.30-a0-304-gdc4b735fe1 (webtiles) character file.

Game seed: 15930766482261626567

55 Lobster4 the Magician (level 4, -4/31 HPs)
             Began as a Djinni Hedge Wizard on Oct 20, 2022.
             Slain by an iguana (12 damage)
             ... on level 1 of the Dungeon.
             The game lasted 00:04:18 (1292 turns).

Lobster4 the Magician (Djinni Hedge Wizard)         Turns: 1292, Time: 00:04:19

Health: -4/31      AC:  3    Str:  6 (9)  XL:     4   Next: 14%
Gold:   75         EV: 12    Int: 16 (18) God:
                   SH:  0    Dex: 10 (12)

rFire   + + .      SeeInvis .    a - +2 dagger (venom)
rCold   x . .      Faith    .    (no shield)
rNeg    . . .      Spirit   .    b - +0 robe
rPois   ∞          Reflect  .    c - +0 hat
rElec   .          Harm     .    (no cloak)
rCorr   .          Rampage  .    p - +0 pair of gloves
Will    .....                    (boots unavailable)
Stlth   ++........               (no amulet)
HPRegen 0.25/turn                (no ring)
MPRegen 0.00/turn                (no ring)

@: flying
A: sickness immunity, fire resistance 2, cold vulnerability 1, float, innate
caster, HP casting, extra vitality 1
a: no special abilities


You were on level 1 of the Dungeon.
You visited 1 branch of the dungeon, and saw 2 of its levels.

You collected 75 gold pieces.

Inventory:

Hand Weapons
 a - a +2 dagger of venom (weapon)
 e - a +0 dagger
 k - a +0 short sword
Missiles
 h - 16 stones
Armour
 b - a +0 robe (worn)
 c - a +0 hat (worn)
 p - a +0 pair of gloves (worn)
 q - a +0 ring mail
Scrolls
 g - 3 scrolls of enchant armour {unknown}
 i - a scroll of summoning {unknown}
 m - 2 scrolls of identify {unknown}
 n - a scroll of magic mapping {unknown}
 o - a scroll of teleportation {unknown}
 r - a scroll of fog {unknown}
Potions
 d - a potion of degeneration
 f - a potion of haste {unknown}
 j - a potion of ambrosia {unknown}
 l - a potion of curing


   Skills:
 + Level 0.9 Fighting
 + Level 2.9 Dodging
 - Level 2.0 Stealth
 * Level 3.1 Spellcasting


You couldn't memorise any spells.
You knew the following spells:

 Your Spells              Type           Power      Damage    Failure   Level
a - Magic Dart            Conj           48%        1d5       4%          1
b - Slow                  Hex            48%        N/A       4%          1
c - Blink                 Tloc           24%        N/A       8%          2
d - Call Imp              Summ           12%        N/A       8%          2
e - Cigotuvi's Dreadful   Necr/Pois/Air  24%        N/A       8%          2
f - Mephitic Cloud        Conj/Pois/Air  12%        N/A       16%         3
g - Summon Small Mammal   Summ           48%        N/A       4%          1
Your spell library was empty.

Dungeon Overview and Level Annotations

Branches:
Dungeon (2/15)

Altars:


Innate Abilities, Weirdness & Mutations

You are immune to sickness and miasma.
You are immune to poison.
Your flesh is very heat resistant. (rF++)
You are vulnerable to cold. (rC-)
You float through the air rather than walking.
You learn spells naturally, not from books.
Your magical power is your life essence.
You have superior vitality. (+4 MHP)


Message History

Confirm with . or Enter, or press ? or * to list all spells.
Aiming: Magic Dart (safe; 4% risk of failure)
Press: ? - help, Shift-Dir - straight line, f/p - iguana
Aim: an iguana (lightly wounded, 100% to hit)
The magic dart hits the iguana.
The iguana is lightly wounded.
The iguana bites you!
You fly upwards.
There is a stone staircase leading down here.
You see here a bat skeleton.
The iguana attacks as you move away! The iguana bites you!
* * * LOW HITPOINT WARNING * * *
You barely miss the iguana.
The iguana is lightly wounded.
The iguana bites you.
* * * LOW HITPOINT WARNING * * *
It was a potion of degeneration.
There was something very wrong with that liquid.
You feel weakened.
You feel dopey.
You feel clumsy. The iguana barely misses you.
It was a potion of curing.
You feel better. The iguana closely misses you.
Casting: Magic Dart (safe; 4% risk of failure)
Confirm with . or Enter, or press ? or * to list all spells.
Aiming: Magic Dart (safe; 4% risk of failure)
Press: ? - help, Shift-Dir - straight line, f - iguana
Aim: an iguana (lightly wounded, 100% to hit)
The magic dart hits the iguana but does no damage.
The iguana is lightly wounded.
The iguana bites you.
* * * LOW HITPOINT WARNING * * *
Casting: Magic Dart (safe; 4% risk of failure)
Confirm with . or Enter, or press ? or * to list all spells.
Aiming: Magic Dart (safe; 4% risk of failure)
Press: ? - help, Shift-Dir - straight line, f/p - iguana
Aim: an iguana (lightly wounded, 100% to hit)
The magic dart hits the iguana but does no damage.
The iguana is lightly wounded.
* * * LOW HITPOINT WARNING * * *
The iguana bites you!
You die...

............######.#.###.#.####
..............................#
..###.....#..#####.#.###.######
..# #.....#..# #.#.# #.# ..#
#.....#..# #.#.# #.# ..#
#######..# ###.#.# #.# .##
######..# #.....# #.#
.#####.......###.#...###.#
................@l.÷.>...#
.#####...............#.#.# .#
#...............)....# .#
#......#..#..#..#..#.###### .##
#........#..#..#..#.......#
..###.......#..#..#..#÷..######
........##.#..#..#..#..#.######
.............#..#..#..#.......#
..#####.##...............######


You could see an iguana.

Vanquished Creatures
  A gnoll (D:1)
  An adder (D:2)
  A dart slug (D:1)
  6 bats (D:1)
  5 endoplasms (D:1)
  2 goblins (D:1)
  2 hobgoblins (D:1)
  4 kobolds (D:1)
  3 quokkas (D:1)
  2 ball pythons (D:1)
  A frilled lizard (D:1)
  4 rats (D:1)
32 creatures vanquished.

Notes
Turn   | Place    | Note
-------+----------+-------------------------------------------
     0 | D:1      | Lobster4 the Djinni Hedge Wizard began the quest for the
                  | Orb.
     0 | D:1      | Lobster4 set off with the following spells memorised: Magic
                  | Dart, Slow, Blink, Call Imp, Cigotuvi's Dreadful Rot,
                  | Mephitic Cloud.
     0 | D:1      | Reached XP level 1. HP: 15/15 MP: 0/0
   188 | D:1      | Reached XP level 2. HP: 10/21 MP: 0/0
   384 | D:1      | Reached XP level 3. HP: 14/25 MP: 0/0
   384 | D:1      | Learned a level 1 spell: Summon Small Mammal
   780 | D:1      | Reached skill level 3 in Spellcasting
  1220 | D:2      | Reached XP level 4. HP: 28/31 MP: 0/0
  1292 | D:1      | Slain by an iguana

Illustrated notes

Levels and vault maps discovered:
D:1:      dpeg_arrival_rooms_with_view, layout_basic, minmay_misc_feat_diagonals
D:2:      layout_rooms, minmay_joined_circles

Skill      XL: |  1  2  3 |
---------------+----------+-----
Stealth        | 2 |  2.0
Spellcasting   | 3 |  3.1
Fighting       | |  0.9
Dodging        | |  2.9

Action                   |  1- 3 |  4- 6 || total
-------------------------+-------+-------++-------
Melee: Dagger            |       |     1 ||     1
 Cast: Magic Dart        |    87 |     7 ||    94
  Use: Potion            |       |     2 ||     2
Armor: Robe              |    15 |       ||    15
Dodge: Dodged            |    32 |     2 ||    34

Table legend: (Time is in decaauts)
 A = Elapsed time spent in this place.
 B = Non-inter-level travel time spent in this place.
 C = Inter-level travel time spent in this place.
 D = Time resting spent in this place.
 E = Time spent auto-exploring this place.
 F = Levels seen in this place.
 G = Mean time per level.
                   A        B        C        D        E       F      G
               +--------+--------+--------+--------+--------+-----+--------+
         Total |   1291 |   1218 |     73 |     23 |    910 |   2 |  645.5 |
       Dungeon |   1291 |   1218 |     73 |     23 |    910 |   2 |  645.5 |
               +--------+--------+--------+--------+--------+-----+--------+

Top non-repeatable levels by time:
     D:1: 1186 daAuts
     D:2: 104 daAuts
